 Dungeon Crawl Stone Soup version 0.28.0-62-gf88900778d (webtiles) character file.

Game seed: 5831650592539361113

1533 cbfl8 the Cleaver (level 8, -7/105 HPs)
             Began as a Minotaur Fighter on Sept 8, 2023.
             Killed from afar by a steam dragon (13 damage)
             ... with a ball of steam
             ... on level 6 of the Dungeon.
             The game lasted 00:05:15 (5770 turns).

cbfl8 the Cleaver (Minotaur Fighter)                Turns: 5770, Time: 00:05:15

Health: -7/105     AC: 24    Str: 21    XL:     8   Next: 55%
Magic:  7/7        EV:  2    Int:  5    God:
Gold:   307        SH:  5    Dex: 12    Spells: 7/7 levels left

rFire   . . .      SeeInvis .   a - +1 war axe
rCold   . . .      Faith    .   c - +0 buckler
rNeg    . . .      Spirit   .   (armour currently unavailable)
rPois   +          Reflect  .   (helmet currently unavailable)
rElec   .          Harm     .   (cloak currently unavailable)
rCorr   .          Rampage  .   (gloves currently unavailable)
Will    .....      NoTele   +   (boots currently unavailable)
Stlth   +.........              m - amulet of regeneration
HPRegen 1.07/turn               (no ring)
MPRegen 0.10/turn               (no ring)

@: mighty, tree-form, weak-willed, invisible
A: stationary, stasis, torment immunity, boosted hp, (horns 2), (retaliatory
headbutt)
a: no special abilities


You were on level 6 of the Dungeon.
You were a tree.
You visited 2 branches of the dungeon, and saw 7 of its levels.

You collected 307 gold pieces.

Inventory:

Hand Weapons
 a - a +1 war axe (weapon)
Armour
 c - a +0 buckler (worn)
 g - a +0 chain mail (melded)
 h - a scarf of repulsion (melded)
Jewellery
 m - an amulet of regeneration (around neck)
Wands
 k - a wand of polymorph (4) (quivered)
Scrolls
 b - a scroll of noise
 f - 5 scrolls of teleportation
 j - a scroll of holy word
Potions
 n - a potion of lignification
 p - a potion of magic


   Skills:
 + Level 6.1 Fighting
 + Level 8.2 Axes
 + Level 7.1 Armour
 + Level 5.0 Shields
 * Level 4.0 Evocations


You had 7 spell levels left.
You didn't know any spells.
Your spell library contained the following spells:

 Spells                   Type           Power      Damage    Failure   Level
 Animate Skeleton         Necr           0%         N/A       56%         1
 Apportation              Tloc           0%         N/A       56%         1
 Summon Small Mammal      Summ           0%         N/A       56%         1


Dungeon Overview and Level Annotations

Branches:
Dungeon (6/15)             Temple (1/1) D:5

Altars:
Ashenzari
Cheibriados
Dithmenos
Elyvilon
Fedhas
Kikubaaqudgha
Makhleb
Nemelex Xobeh
Qazlal
Ru
Sif Muna
Trog
Uskayaw
Vehumet
Wu Jian
Xom
Zin
The Shining One
Lugonu

Annotations:
D:5 3 runed translucent doors, Coron's ghost, weakling DDDe


Innate Abilities, Weirdness & Mutations

You are a tree.
Your roots penetrate the ground, keeping you stationary.
You cannot be teleported.
You are immune to unholy pain and torment.
Your maximum health is greatly increased.
Your equipment is partially melded.
((You have a pair of horns on your head.))
((You reflexively headbutt those who attack you in melee.))


Message History

* * * LOW HITPOINT WARNING * * *
You hit the steam dragon.
The steam dragon is lightly wounded.
You are engulfed in a cloud of scalding steam.
* * * LOW HITPOINT WARNING * * *
The steam dragon bites you but does no damage.
The steam dragon claws you but does no damage.
You feel very mighty all of a sudden.
You are engulfed in a cloud of scalding steam.
The steam dragon bites you but does no damage.
The steam dragon claws you but does no damage.
Really quaff the potion of lignification?
You are stuck in your current form!
You fade into invisibility!
The steam dragon bites you but does no damage.
You block the steam dragon's attack.
As you read the scroll labelled OROVEUW RERATZ, it crumbles to dust.
You feel aware of your surroundings.
It was a scroll of magic mapping.
* * * LOW HITPOINT WARNING * * *
The steam dragon bites you but does no damage.
The steam dragon barely misses you.
As you read the scroll labelled YFUXOU ROHA, it crumbles to dust.
It is a scroll of enchant weapon.
Your +0 war axe glows red for a moment.
You block the steam dragon's attack.
The steam dragon claws you but does no damage.
As you read the scroll labelled WAASUB PIMEPPARR, it crumbles to dust.
Magic quickly surges around you.
It was a scroll of vulnerability.
You block the steam dragon's attack.
The steam dragon claws you but does no damage.
You cannot teleport because you are held in place by your roots.
Okay, then.
You slash the steam dragon!
The steam dragon is moderately wounded.
You block the steam dragon's attack.
The steam dragon claws you but does no damage.
You slash the steam dragon!
The steam dragon is almost dead.
The steam dragon breathes steam at you. The ball of steam hits you!
You die...

#.#### ** #....# *,
#####'## *, >.<....#
*, .......# *,
.......# ##########
** .......#
#######........# ***
.......#
#.....'......#.# *,,
.......#
#....♣#..##..#.# *,,
...#####
#..#D†#..##..#.# *,,
####
#..)..#......#.###
*,,
#.....#......#...#
***
##+###########.#.# *
########
*,,SO#,,,+..#...# *
.......#
*,,.z*,*,*..#...#####
.......#
*,,,,+,,,*+##.......#
.......#
*,,,,####*,#....#.#.#


You could see a steam dragon (catching breath, weak-willed).

Vanquished Creatures
  Sigmund (D:5)
  A black bear (D:4)
  A centaur (D:6)
  A phantom (D:5)
  A kobold brigand (D:6)
  A bullfrog (D:6)
  2 scorpions (D:5)
  A water moccasin skeleton (D:6)
  A killer bee (D:6)
  A crimson imp (D:5)
  A bullfrog zombie (D:5)
  5 hounds
  A jelly (D:5)
  4 orc priests
  Ijyb (D:3)
  5 orc wizards
  A hound skeleton (D:4)
  A howler monkey zombie (D:5)
  2 gnolls
  8 adders
  2 white imps (D:5)
  5 worms
  4 dart slugs
  25 orcs
  5 bats
  6 endoplasms
  2 giant cockroaches
  5 goblins
  3 hobgoblins
  6 kobolds
  4 quokkas
  6 ball pythons
  3 frilled lizards
  4 rats
120 creatures vanquished.

Notes
Turn   | Place    | Note
-------+----------+-------------------------------------------
     0 | D:1      | cbfl8 the Minotaur Fighter began the quest for the Orb.
     0 | D:1      | Reached XP level 1. HP: 19/19 MP: 0/0
   209 | D:1      | Reached XP level 2. HP: 27/27 MP: 1/1
   659 | D:1      | Found a faded altar of an unknown god.
  1103 | D:1      | Reached skill level 1 in Evocations
  1103 | D:1      | Reached XP level 3. HP: 21/33 MP: 2/2
  1460 | D:2      | Reached skill level 3 in Axes
  1972 | D:2      | Reached XP level 4. HP: 36/40 MP: 3/3
  2226 | D:3      | Noticed a moth of wrath
  2230 | D:3      | Found a bloodstained altar of Trog.
  2520 | D:3      | Found a stormy altar of Qazlal.
  2594 | D:3      | Found an ornate altar of the Wu Jian Council.
  2697 | D:3      | Noticed Ijyb
  2714 | D:3      | Killed Ijyb
  3050 | D:3      | Found a sparkling altar of Nemelex Xobeh.
  3099 | D:3      | Reached skill level 4 in Axes
  3099 | D:3      | Reached XP level 5. HP: 23/46 MP: 4/4
  3669 | D:4      | Reached skill level 5 in Armour
  3861 | D:4      | Reached XP level 6. HP: 55/55 MP: 5/5
  3949 | D:4      | Reached skill level 5 in Axes
  4028 | D:4      | Reached skill level 5 in Fighting
  4260 | D:5      | Entered Level 5 of the Dungeon
  4491 | D:5      | Found a burning altar of Makhleb.
  4514 | D:5      | Reached XP level 7. HP: 56/61 MP: 6/6
  4609 | D:5      | Found a broken altar of Ashenzari.
  4610 | D:5      | Noticed Sigmund
  4616 | D:5      | Killed Sigmund
  4617 | D:5      | Reached skill level 6 in Axes
  4676 | D:5      | Reached skill level 7 in Axes
  4743 | D:5      | Reached XP level 8. HP: 57/69 MP: 7/7
  4831 | D:5      | Found a staircase to the Ecumenical Temple.
  4879 | D:5      | Found a shadowy altar of Dithmenos.
  5101 | D:5      | Found a runed translucent gate.
  5102 | D:5      | Found a runed translucent gate.
  5103 | D:5      | Found a runed translucent gate.
  5104 | D:5      | Noticed Coron's ghost (weakling DDDe)
  5282 | Temple   | Entered the Ecumenical Temple
  5674 | D:6      | Reached skill level 8 in Axes
  5758 | D:6      | Reached skill level 5 in Shields
  5763 | D:6      | HP: 2/105 [steam dragon] (4)]
  5770 | D:6      | Killed from afar by a steam dragon

Illustrated notes

Levels and vault maps discovered:
D:1:      sevenhm_arrival_forest_fort_small_3, layout_loops_ring,
          dilly_ecumenical_altar_fadedgnrine, chequers_serial_rivers_small_a
D:2:      layout_basic, grunt_ministairs_3, minmay_misc_feat_square
D:3:      layout_basic, tgw_trog, mainiacjoe_overflow_tiny_flanked,
          mainiacjoe_overflow_six_doors_small, nemelex_dance_club_becter,
          uniq_ijyb
D:4:      black_bear_nest_1, layout_rooms
D:5:      layout_cave_pods, grunt_dithmenos_smoke, makhleb_grotto_becter,
          evilmike_ruin_ashenzari, temple_statues, serial_column_ruins,
          column_ruins_open_small, column_ruins_corridor_T,
          column_ruins_open_tiny, column_ruins_open_tiny,
          column_ruins_columns_dead_end, ebering_ghost_rock_garden, st_stairs_9,
          uniq_sigmund
D:6:      minmay_clustersquares, layout_basic
Temple:   kb_corrupted_temple

Skill      XL: |  1  2  3  4  5  6  7  8 |
---------------+-------------------------+-----
Fighting       | 4 5 6 |  6.1
Shields        | 4 5 |  5.0
Armour         | 4 5 6 7 |  7.1
Evocations     | 1 2 3 4 |  4.0
Axes           | 3 4 5 7 8 |  8.2

Action                   |  1- 3 |  4- 6 |  7- 9 || total
-------------------------+-------+-------+-------++-------
Melee: War axe           |    67 |   145 |   105 ||   317
       Headbutt          |     7 |    18 |    17 ||    42
       Unarmed           |       |    10 |       ||    10
Evoke: Wand              |       |       |     1 ||     1
  Use: Scroll            |       |     5 |     3 ||     8
       Potion            |       |     1 |     6 ||     7
Armor: Scale mail        |    20 |       |       ||    20
       Chain mail        |    25 |   120 |    66 ||   211
       Skin              |       |       |    18 ||    18
Dodge: Dodged            |    36 |    74 |    34 ||   144
       Repelled          |       |     1 |     1 ||     2
Block: Buckler           |    20 |    35 |    31 ||    86
